 Dungeon Crawl Stone Soup version 0.18-a0-1784-ga939a68 (webtiles) character file.

63 wvc the Ruffian (level 3, 0/31 HPs)
             Began as a Centaur Monk on Apr 18, 2016.
             Succumbed to a scorpion's poison
             ... on level 2 of the Dungeon.
             The game lasted 00:02:29 (1296 turns).

wvc the Ruffian (Centaur Monk)                      Turns: 1296, Time: 00:02:29

Health: 0/31       AC:  4    Str: 13    XL:     3   Next: 87%
Magic:  3/3        EV: 10    Int:  9    God:
Gold:   65         SH:  0    Dex: 12    Spells: 0 memorised, 2 levels left

rFire  . . .     SeeInvis .       - Unarmed
rCold  . . .     Gourm    .     a - +0 robe
rNeg   . . .     Faith    .     (no shield)
rPois  .         Spirit   .     (no helmet)
rElec  .         Dismiss  .     (no cloak)
rCorr  .         Reflect  .     (no gloves)
SustAt .         Harm     .     (no barding)
MR     .....                    (no amulet)
Stlth  +.........               (no ring)
                                (no ring)

@: lethally poisoned (0 -> -6), drained, very quick, not resistant to hostile
enchantments, very unstealthy
A: hooves 3, deformed body, speed 2, tough skin 3
a: no special abilities


You were on level 2 of the Dungeon.
You were hungry.

You visited 1 branch of the dungeon, and saw 2 of its levels.

You collected 65 gold pieces.

Inventory:

Missiles
 l - 12 poisoned needles
Armour
 a - a +0 robe (worn)
Scrolls
 c - a scroll of remove curse
 h - a scroll of random uselessness {unknown}
 i - a scroll of enchant weapon {unknown}
 k - a scroll of noise {unknown}
Potions
 f - a potion of flight
 j - a potion of lignification {unknown}
Comestibles
 b - a bread ration
 g - a meat ration


   Skills:
 - Level 3.0(2.8) Fighting
 - Level 2.1(2.0) Dodging
 - Level 1.2(1.0) Stealth
 + Level 5.5(5.3) Unarmed Combat


You had 2 spell levels left.
You didn't know any spells.

Dungeon Overview and Level Annotations

Branches:
Dungeon (2/15)

Altars:
Gozag

Annotations:
D:2 Terence


Innate Abilities, Weirdness & Mutations

You have hooves in place of feet.
Armour fits poorly on your strangely shaped body.
You cover ground very quickly.
You have extremely tough skin (AC +3).


Message History

There is a stone staircase leading up here.
A jackal is nearby!
You climb upwards.
Level annotation: Terence Terence closely misses you.
The scorpion stings you.
* * * LOW HITPOINT WARNING * * *
You are lethally poisoned!
The scorpion poisons you! Terence hits you with a falchion.
* * * LOW HITPOINT WARNING * * *
There is a stone staircase leading down here.
* * * LOW HITPOINT WARNING * * *
You feel sick. The scorpion barely misses you.
Terence hits you but does no damage.
You climb downwards.
* * * LOW HITPOINT WARNING * * *
You feel sick.
There is a stone staircase leading up here.
* * * LOW HITPOINT WARNING * * *
You feel sick. The jackal misses you.
You die...

###...##.########...# #)..####.#
####..#####
...########.######.####......g..g
.........................g#######
...#####...@<#.....##...#.# #
##.>....s........###.# ### .
#.).......h.....####.# ##..
...###...............###..####..#
................@....†.?..#.g.g##
...###...............###....####
........)............# #...##
##.#.##.............##.....# ...
.#...........###.##..# #.##
#.##.####......#.. .... . #. #.#
######... ...h.. #### ## ..
##......... g..## ... .....g..


You could see Terence, a scorpion and a jackal.

Vanquished Creatures
  Robin (D:2)
  An adder (D:2)
  2 bats (D:1)
  3 giant cockroaches
  13 goblins
  4 hobgoblins
  4 jackals
  2 kobolds
  3 giant newts (D:1)
  3 rats
36 creatures vanquished.

Notes
Turn   | Place    | Note
--------------------------------------------------------------
     0 | D:1      | wvc the Centaur Monk began the quest for the Orb.
     0 | D:1      | Reached XP level 1. HP: 19/19 MP: 1/1
   251 | D:1      | Reached XP level 2. HP: 23/26 MP: 2/2
   485 | D:2      | Noticed Robin
   884 | D:2      | Noticed Terence
  1010 | D:1      | Noticed a scorpion
  1105 | D:2      | Reached skill level 5 in Unarmed Combat
  1105 | D:2      | Reached XP level 3. HP: 28/31 MP: 3/3
  1190 | D:2      | Found an opulent altar of Gozag.
  1262 | D:2      | Killed Robin
  1293 | D:2      | HP: 1/31 [poisoned by a scorpion]
  1296 | D:2      | Succumbed to a scorpion's poison

Vault maps used:
D:1:      minmay_arrival_hallway
D:2:      gammafunk_temple_overflow_elements,
          nicolae_gozag_cash_rules_everything_around_me, uniq_robin, uniq_iyjb,
          uniq_terence

Skill      XL: |  1  2 |
---------------+-------+-----
Unarmed Combat | 5 |  5.5
Fighting       | |  3.0
Dodging        | |  2.1
Stealth        | |  1.2

Action                   || total
-------------------------++-------
Melee: Unarmed           ||   126
       Kick              ||    18
       Punch             ||     4
  Use: Potion            ||     1
       Scroll            ||     3
Armor: Robe              ||    45
Dodge: Dodged            ||    68
